 Dungeon Crawl Stone Soup version 0.28.0 (webtiles) character file.

Game seed: 7622790697856277415

151 crazypyro the Chopper (level 5, -1/41 HPs)
             Began as a Minotaur Fighter on Feb 5, 2022.
             Was a Follower of Hepliaklqana.
             Slain by an ogre (11 damage)
             ... on level 4 of the Dungeon.
             The game lasted 00:03:09 (3435 turns).

crazypyro the Chopper (Minotaur Fighter)            Turns: 3435, Time: 00:03:09

Health: -1/41      AC:  7    Str: 22    XL:     5   Next: 11%
Magic:  4/4        EV:  9    Int:  5    God:    Hepliaklqana [*.....]
Gold:   117        SH:  4    Dex: 10    Spells: 4/4 levels left

rFire   . . .      SeeInvis .   a - +0 war axe
rCold   . . .      Faith    +   c - +0 buckler
rNeg    . . .      Spirit   .   b - +0 scale mail
rPois   .          Reflect  .   (helmet restricted)
rElec   .          Harm     .   (no cloak)
rCorr   .          Rampage  .   (no gloves)
Will    .....                   (no boots)
Stlth   ..........              n - amulet of faith
HPRegen 0.13/turn               (no ring)
MPRegen 0.09/turn               (no ring)

@: no status effects
A: reduced essence, horns 2, retaliatory headbutt
a: Renounce Religion, Recall Ancestor, Ancestor Identity


You were on level 4 of the Dungeon.
You worshipped Hepliaklqana.
Hepliaklqana was aware of your devotion.
You visited 1 branch of the dungeon, and saw 4 of its levels.

You collected 117 gold pieces.

Inventory:

Hand Weapons
 a - a +0 war axe (weapon)
Armour
 b - a +0 scale mail (worn)
 c - a +0 buckler (worn)
Jewellery
 n - an amulet of faith (around neck)
 q - a ring of protection from cold
Wands
 p - a wand of iceblast (9)
Scrolls
 d - a scroll of amnesia {unknown}
 f - 2 scrolls of teleportation {unknown}
 g - a scroll of torment {unknown}
 h - 2 scrolls of vulnerability {unknown}
 j - a scroll of fear {unknown}
 k - a scroll of enchant weapon {unknown}
Potions
 e - 5 potions of curing {unknown}
 i - a potion of flight {unknown}
 l - a potion of brilliance {unknown}
 m - a potion of heal wounds {unknown}
 o - a potion of degeneration {unknown}


   Skills:
 - Level 4.0 Fighting
 * Level 5.6 Axes
 - Level 4.0 Armour
 - Level 4.0 Shields


You had 4 spell levels left.
You didn't know any spells.
Your spell library contained the following spells:

 Spells                   Type           Power      Damage    Failure   Level
 Confusing Touch          Hex            0%         N/A       99%         3
 Yara's Violent Unravell  Hex/Tmut       0%         3d3       100%        5
 Enfeeble                 Hex            0%         N/A       100%        7


Dungeon Overview and Level Annotations

Branches:
Dungeon (4/15)
 Temple: D:4-7

Altars:
Hepliaklqana


Innate Abilities, Weirdness & Mutations

Your life essence is reduced to manifest your ancestor. (-10% HP)
You have a pair of horns on your head.
You reflexively headbutt those who attack you in melee.


Message History

You headbutt the giant cockroach, but do no damage.
The giant cockroach closely misses you. The giant cockroach closely misses you.
The giant cockroach bites you but does no damage.
Found a book of Spectacle.
The giant cockroach bites you but does no damage.
The giant cockroach barely misses you. You furiously retaliate!
You headbutt the giant cockroach!
You kill the giant cockroach!
There is a stone staircase leading up here.
You slash the ball python!
You kill the ball python!
You climb upwards.
There is a stone staircase leading down here.
Done exploring.
Takurtum emerges from the mists of memory!
There is a stone staircase leading down here.
You climb downwards.
The ogre hits you with a +0 giant club!!
There is a stone staircase leading up, spattered with blood here.
Okay, then.
Okay, then.
You slash the ogre!
The ogre is heavily wounded.
The ogre barely misses you. You furiously retaliate!
You headbutt the ogre. The endoplasm freezes you.
You are frozen.
Unknown command.
You hit the ogre.
The ogre is severely wounded.
You hit the endoplasm but do no damage. The ogre hits you with a +0 giant club!
* * * LOW HITPOINT WARNING * * *
The endoplasm jiggles.
The endoplasm freezes you.
You are frozen.
* * * LOW HITPOINT WARNING * * *
You hit the ogre but do no damage.
The ogre is severely wounded.
You barely miss the endoplasm. The ogre hits you with a +0 giant club!
You die...

#.# #.
#.#############################.
#..)..........................#.
##)#################.......# #.#.
.................###.......###.#.
#........####......+.......'.....
#..............#.###.......###.#.
#.........###>...JZ......J.......
###+#.....# ##.#@##.##########.#.
....#.#.### #.#O.#.####### #[#.
..........# #..[<†........ ....
###.#.#.#.# #..#[#.#....:. .....
###.#.#.#.# #..#.#..........#.#.
......#.#.####..#.#.#.######.#.#.
###.#................... ..#...
###.#...............#.###
......#.#.#######+#+#


You could see an ogre, an endoplasm and a hound skeleton.

Vanquished Creatures
  An orc wizard (D:4)
  Terence (D:2)
  2 adders (D:2)
  A worm (D:3)
  2 dart slugs
  12 orcs
  3 ball pythons
  7 endoplasms
  4 giant cockroaches
  4 hobgoblins
  3 jackals (D:2)
  2 bats
  4 frilled lizards
  2 goblins
  7 kobolds
  6 rats
61 creatures vanquished.

Vanquished Creatures (others)
  An ancestor (D:4)
  3 fungi (D:3)
4 creatures vanquished.

Grand Total: 65 creatures vanquished

Notes
Turn   | Place    | Note
-------+----------+-------------------------------------------
     0 | D:1      | crazypyro the Minotaur Fighter began the quest for the Orb.
     0 | D:1      | Reached XP level 1. HP: 19/19 MP: 0/0
   235 | D:1      | Reached XP level 2. HP: 27/27 MP: 1/1
   412 | D:1      | Found a faded altar of an unknown god.
   821 | D:1      | Reached skill level 3 in Axes
  1093 | D:2      | Noticed Terence
  1099 | D:2      | Killed Terence
  1100 | D:2      | Reached XP level 3. HP: 6/33 MP: 2/2
  1830 | D:2      | Reached skill level 4 in Axes
  1930 | D:2      | Reached XP level 4. HP: 36/40 MP: 3/3
  2308 | D:3      | Found a hazy altar of Hepliaklqana.
  2413 | D:3      | Became a worshipper of Hepliaklqana the Forgotten
  3126 | D:4      | Reached skill level 5 in Axes
  3129 | D:4      | Reached XP level 5. HP: 37/46 MP: 4/4
  3220 | D:4      | Reached * piety under Hepliaklqana
  3350 | D:4      | Noticed an ogre
  3435 | D:4      | Slain by an ogre

Illustrated notes

Levels and vault maps discovered:
D:1:      wander_arrival_chamber, layout_basic,
          shapermc_ecumenical_altar_mp_highgroup, minmay_pentomino_w2
D:2:      layout_basic, chequers_arboretum, uniq_terence
D:3:      layout_loops_ring, mainiacjoe_overflow_chevrons,
          hangedman_decor_slide_cut
D:4:      layout_basic, minmay_diced_spiral

Skill      XL: |  1  2  3  4 |
---------------+-------------+-----
Axes           | 3 4 5 |  5.6
Fighting       | 4 |  4.0
Armour         | 4 |  4.0
Shields        | 4 |  4.0

Action                   |  1- 3 |  4- 6 || total
-------------------------+-------+-------++-------
Melee: War axe           |    67 |    57 ||   124
       Headbutt          |     4 |     7 ||    11
  Use: Potion            |     1 |       ||     1
Armor: Scale mail        |    34 |    21 ||    55
Dodge: Dodged            |    29 |    32 ||    61
Block: Buckler           |    10 |     7 ||    17
